Map: Nightscape LE

Players

finzi

  • Race: Protoss Protoss
  • League: Diamond
  • Spawn Location: 1:00

Sean

  • Race: Protoss Protoss
  • Spawn Location: 1:00

Massa - Winner!

  • Race: Terran Terran
  • League: Gold
  • Spawn Location: 7:00

qqq - Winner!

  • Race: Protoss Protoss
  • League: Platinum
  • Spawn Location: 7:00

VOD

Have the link to the VOD?

Description

Time

  • Played on: July 30, 2020, 6:35 a.m.
  • Length: 12:06
Show
View Real Time Build Order
Export as new Build Order

finzi Protoss 

Build Orders: Zealot Archon 

Get SALT Encoding   

  12  0:08  Probe  
  12  0:13  Pylon  
  13  0:20  Probe  
  14  0:32  Gateway  
  14  0:36  Probe (Chrono Boost)  
  15  0:47  Probe (Chrono Boost)  
  16  0:53  Probe (Chrono Boost)  
  17  0:57  Assimilator  
  17  1:05  Probe, Assimilator  
  18  1:12  Assimilator  
  18  1:24  Cybernetics Core  
  18  1:25  Probe (Chrono Boost)  
  19  1:35  Probe (Chrono Boost)  
  20  1:40  Probe (Chrono Boost)  
  21  1:59  Assimilator  
  21  2:00  Pylon  
  21  2:11  Adept  
  22  2:26  Probe (Chrono Boost)  
  22  2:27  Nexus  
  23  2:35  Probe (Chrono Boost)  
  24  2:40  Probe (Chrono Boost)  
  25  3:17  Adept  
  27  3:22  Stargate  
  27  3:25  Pylon  
  27  3:26  Gateway  
  27  3:29  Twilight Council  
  27  3:30  Probe (Chrono Boost)  
  28  3:39  Probe (Chrono Boost)  
  29  3:47  Probe (Chrono Boost), Adept  
  32  3:50  Probe (Chrono Boost)  
  32  3:51  Forge  
  33  3:59  Probe (Chrono Boost)  
  33  4:00  Probe (Chrono Boost)  
  35  4:04  Probe (Chrono Boost)  
  35  4:05  Oracle  
  35  4:07  Resonating Glaives  
  39  4:16  Probe  
  40  4:20  Assimilator  
  40  4:28  Probe  
  41  4:40  Probe  
  38  5:04  Zealot  
  38  5:06  Protoss Ground Armor Level 1  
  40  5:11  Templar Archives  
  40  5:14  Gateway  
  40  5:18  Pylon  
  40  5:19  Pylon  
  40  5:20  Zealot  
  42  5:31  Zealot  
  44  5:55  Probe (Chrono Boost)  
  42  5:57  Assimilator  
  42  6:02  Charge  
  42  6:03  Pylon  
  43  6:04  Probe (Chrono Boost)  
  43  6:05  High Templar x2  
  43  6:06  Adept  
  43  6:09  Probe (Chrono Boost)  
  50  6:23  Phoenix  
  50  6:25  Warp Gate  
  52  6:31  Shield Battery  
  52  6:33  Probe (Chrono Boost)  
  52  6:34  Nexus  
  52  6:36  Adept  
  55  6:42  Probe (Chrono Boost)  
  55  6:44  Zealot x2  
  60  6:47  Probe (Chrono Boost)  
  60  6:48  Gateway  
  60  6:49  Nexus  
  61  6:59  Probe  
  62  7:05  Photon Cannon  
  62  7:07  Shield Battery  
  62  7:15  Pylon  
  62  7:21  Oracle, Fleet Beacon  
  65  7:23  High Templar  
  65  7:24  Archon  
  67  7:35  Photon Cannon  
  67  7:36  Shield Battery  
  67  7:46  Stalker  
  71  8:02  Stalker  
  65  8:31  Probe (Chrono Boost)  
  65  8:32  Pylon  
  66  8:37  Pylon  
  69  8:42  Probe (Chrono Boost)  
  69  8:43  Probe (Chrono Boost)  
  69  8:45  Probe (Chrono Boost), Carrier  
  76  8:48  Stalker  
  76  8:50  Probe x2 (Chrono Boost)  
  76  8:53  Probe (Chrono Boost), Protoss Ground Armor Level 2  
  76  8:55  Probe (Chrono Boost)  
  78  8:56  Pylon  
  78  8:58  Probe  
  78  8:59  Forge  
  78  9:01  Pylon  
  80  9:07  Probe  
  81  9:10  Probe  
  81  9:11  High Templar x2  
  81  9:15  Zealot  
  88  9:19  Probe, Pylon  
  88  9:22  Assimilator  
  89  9:28  Assimilator  
  68  9:56  High Templar x3  
  68  9:58  Zealot  
  74  10:04  Photon Cannon  
  74  10:06  Photon Cannon  
  74  10:13  Photon Cannon  
  68  10:15  Pylon  
  68  10:17  Shield Battery  
  68  10:28  Zealot  
  69  10:49  Archon  
  62  10:59  Stalker x2  
  62  11:00  Stalker x2  
  62  11:01  Carrier  
  45  11:20  Assimilator  
  34  11:52  Pylon  
  26  12:01  Nexus  
Show
View Real Time Build Order
Export as new Build Order

Sean Protoss 

Build Orders: Colossus Rush 

Get SALT Encoding   

  12  0:01  Probe (Chrono Boost)  
  13  0:11  Probe (Chrono Boost)  
  14  0:16  Probe (Chrono Boost)  
  15  0:24  Pylon  
  15  0:42  Probe, Gateway  
  16  0:51  Gateway  
  16  0:54  Probe  
  17  1:00  Assimilator  
  17  1:04  Assimilator  
  17  1:07  Probe (Chrono Boost)  
  18  1:17  Probe (Chrono Boost)  
  19  1:20  Pylon  
  19  1:22  Probe (Chrono Boost)  
  20  1:35  Cybernetics Core  
  20  1:38  Probe  
  21  1:50  Probe  
  22  1:56  Pylon  
  22  2:09  Stalker (Chrono Boost)  
  26  2:18  Stalker (Chrono Boost)  
  26  2:25  Robotics Facility  
  26  2:27  Probe  
  27  2:34  Stalker  
  29  2:41  Stalker  
  31  3:16  Robotics Bay  
  31  3:21  Probe (Chrono Boost)  
  32  3:27  Nexus  
  32  3:33  Probe (Chrono Boost)  
  34  3:41  Probe (Chrono Boost)  
  34  3:43  Pylon  
  34  3:48  Probe, Pylon  
  35  3:58  Assimilator  
  35  4:00  Probe  
  35  4:02  Assimilator  
  36  4:07  Extended Thermal Lance (Chrono Boost)  
  36  4:12  Probe  
  38  4:24  Probe  
  38  4:29  Colossus  
  45  4:39  Probe (Chrono Boost)  
  45  4:40  Probe (Chrono Boost)  
  46  4:49  Probe (Chrono Boost)  
  47  4:54  Probe (Chrono Boost)  
  47  4:55  Stargate  
  47  4:58  Stargate  
  48  5:06  Probe  
  49  5:18  Probe  
  49  5:19  Robotics Facility  
  50  5:22  Forge  
  50  5:26  Forge  
  50  5:30  Probe  
  51  5:42  Probe  
  52  5:43  Colossus  
  58  5:54  Probe  
  58  5:55  Robotics Facility  
  58  5:56  Protoss Ground Weapons Level 1  
  59  5:58  Protoss Ground Armor Level 1  
  59  6:06  Probe  
  59  6:09  Forge  
  60  6:17  Colossus  
  66  6:21  Probe (Chrono Boost)  
  68  6:33  Probe (Chrono Boost)  
  68  6:37  Stalker  
  70  6:47  Pylon  
  70  6:49  Pylon  
  70  6:51  Pylon  
  70  6:52  Pylon  
  70  7:04  Colossus  
  70  7:05  Probe  
  70  7:07  Stalker  
  79  7:17  Probe  
  80  7:27  Nexus  
  80  7:29  Probe  
  81  7:35  Protoss Shields Level 1  
  81  7:40  Twilight Council  
  81  7:41  Probe  
  82  7:45  Phoenix x2  
  86  7:53  Probe  
  86  8:05  Probe  
  86  8:17  Probe  
  85  8:22  Phoenix x2  
  82  8:37  Fleet Beacon  
  82  8:42  Probe (Chrono Boost)  
  82  8:47  Phoenix x2  
  87  8:54  Probe (Chrono Boost), Assimilator  
  88  8:58  Assimilator  
  88  9:00  Probe (Chrono Boost)  
  88  9:08  Probe  
  87  9:12  Phoenix x2  
  81  9:37  Phoenix x2  
  54  10:01  Colossus  
  54  10:02  Phoenix x2  
  64  10:10  Nexus  
  64  10:13  Probe  
  65  10:27  Phoenix x2  
  69  10:30  Colossus  
  75  10:36  Colossus  
  69  10:52  Phoenix  
  51  11:11  Phoenix  
  51  11:17  Phoenix  
  43  11:23  Probe (Chrono Boost)  
  44  11:31  Assimilator  
  45  11:33  Probe (Chrono Boost)  
  45  11:35  Assimilator  
  45  11:38  Probe (Chrono Boost)  
  38  11:50  Probe  
Show
View Real Time Build Order
Export as new Build Order

Massa Terran - Winner!

Build Orders:  

Get SALT Encoding   

  12  0:02  SCV  
  13  0:14  SCV  
  14  0:25  Supply Depot  
  14  0:26  SCV  
  15  0:36  Refinery  
  15  0:47  SCV  
  15  0:48  Barracks  
  16  0:59  SCV  
  17  1:11  SCV  
  18  1:23  SCV  
  18  1:24  Barracks  
  19  1:35  Reaper  
  20  1:51  Supply Depot  
  20  1:52  SCV  
  21  2:04  SCV  
  22  2:16  Barracks Tech Lab  
  22  2:19  Barracks Reactor  
  22  2:24  Command Center  
  22  2:27  Orbital Command  
  22  2:39  Factory  
  22  2:40  Marauder  
  24  3:12  Supply Depot  
  24  3:19  SCV  
  25  3:25  Factory Reactor  
  25  3:29  Marine, Stimpack  
  25  3:30  Marine x2  
  25  3:31  SCV  
  29  3:38  Supply Depot  
  29  3:43  SCV, Orbital Command  
  29  3:47  Marine  
  29  3:48  Marine x2  
  31  3:53  Supply Depot  
  31  3:55  SCV  
  34  4:04  Widow Mine x2  
  34  4:07  SCV  
  39  4:10  SCV  
  39  4:15  Refinery  
  40  4:19  SCV  
  40  4:22  SCV  
  42  4:29  Refinery  
  42  4:31  Engineering Bay  
  42  4:36  Marauder, Marine x2  
  46  4:54  Marine  
  46  4:57  Marauder  
  49  5:10  Widow Mine x2  
  49  5:12  SCV  
  49  5:13  SCV  
  55  5:19  Marauder  
  57  5:22  Terran Infantry Weapons Level 1  
  57  5:25  SCV x2  
  57  5:27  Command Center  
  59  5:29  Armory  
  59  5:37  SCV x2  
  59  6:04  Widow Mine x2  
  59  6:06  Combat Shield  
  59  6:08  Marauder, Marine x2  
  67  6:26  Marine x2  
  67  6:31  Engineering Bay  
  69  6:36  Supply Depot  
  69  6:37  Supply Depot x3  
  69  6:38  Supply Depot  
  69  6:39  Supply Depot  
  69  6:40  SCV  
  69  6:44  SCV, Marauder, Marine  
  74  6:52  SCV  
  75  6:56  SCV, Barracks  
  75  6:59  Hellbat  
  75  7:00  Supply Depot  
  78  7:01  Supply Depot  
  78  7:03  Supply Depot  
  78  7:04  Hellbat  
  78  7:06  Marauder  
  82  7:14  SCV x2  
  84  7:24  Supply Depot  
  84  7:25  Concussive Shells  
  84  7:27  Marauder  
  86  7:32  Terran Infantry Armor Level 1  
  86  7:35  Terran Infantry Weapons Level 2  
  86  7:37  Terran Vehicle Weapons Level 1  
  86  7:42  Missile Turret  
  86  8:02  Orbital Command  
  86  8:03  SCV x2  
  88  8:13  Barracks Tech Lab  
  88  8:15  SCV x2  
  90  8:26  Starport  
  90  8:27  Starport, SCV  
  90  8:28  SCV  
  90  8:30  Command Center  
  92  8:39  SCV  
  92  8:40  SCV  
  94  8:51  SCV  
  94  8:52  SCV  
  96  8:58  Marauder x2  
  96  9:00  Marine x2  
  102  9:04  Hellbat x2  
  106  9:18  Marine x2  
  106  9:20  Marauder x2  
  112  9:25  Hellbat x2  
  116  9:35  Marine  
  116  9:36  Marine  
  118  9:41  Marauder x2  
  122  9:46  Hellbat  
  122  9:47  Hellbat  
  122  9:48  Medivac  
  122  9:49  Medivac  
  123  9:53  Marine  
  123  9:54  Marine  
  121  10:02  Marauder  
  121  10:03  Marauder  
  125  10:08  Widow Mine x2  
  125  10:11  Marine x2  
  131  10:18  Medivac  
  135  10:22  Starport Tech Lab  
  135  10:24  Marauder x2  
  135  10:27  Orbital Command  
  135  10:28  SCV x3  
  139  10:29  Widow Mine x2, Marine x2  
  146  10:40  SCV x3  
  146  10:45  Marauder x2  
  146  10:47  Marine  
  146  10:48  Medivac  
  151  10:52  SCV x3  
  154  11:04  SCV x2  
  154  11:05  SCV  
  154  11:07  Marauder x2  
  161  11:16  SCV x2  
  161  11:17  SCV  
  164  11:28  Marauder x2  
Show
View Real Time Build Order
Export as new Build Order

qqq Protoss - Winner!

Build Orders:  

Get SALT Encoding   

  12  0:01  Probe  
  13  0:13  Probe  
  14  0:18  Pylon  
  14  0:25  Probe  
  15  0:37  Probe  
  16  0:47  Pylon  
  17  0:50  Probe  
  17  1:02  Probe  
  18  1:05  Gateway  
  18  1:07  Pylon  
  18  1:14  Probe  
  19  1:22  Forge  
  19  1:26  Probe  
  20  1:42  Nexus  
  20  1:45  Probe  
  21  1:57  Probe  
  22  2:06  Zealot  
  24  2:09  Probe  
  25  2:21  Probe  
  26  2:27  Assimilator  
  26  2:32  Assimilator  
  26  2:33  Probe, Zealot  
  29  2:45  Probe  
  29  2:48  Nexus  
  30  2:55  Probe  
  30  2:58  Probe  
  32  3:08  Probe  
  32  3:10  Probe  
  34  3:20  Probe  
  34  3:22  Probe  
  36  3:29  Cybernetics Core  
  36  3:32  Probe  
  37  3:34  Probe, Assimilator  
  38  3:44  Probe  
  38  3:46  Probe  
  38  3:47  Pylon  
  40  3:56  Probe  
  40  3:58  Probe  
  40  4:00  Probe  
  43  4:08  Probe, Assimilator  
  44  4:10  Probe  
  44  4:12  Probe  
  44  4:17  Photon Cannon  
  46  4:20  Probe  
  46  4:22  Probe  
  46  4:23  Photon Cannon  
  49  4:24  Probe  
  49  4:25  Pylon  
  49  4:32  Probe  
  49  4:34  Probe  
  49  4:36  Probe  
  52  4:44  Probe  
  53  4:46  Probe  
  53  4:47  Stalker  
  53  4:48  Probe  
  57  4:52  Stargate  
  57  4:55  Stargate  
  57  4:56  Probe  
  59  5:00  Probe  
  59  5:09  Probe  
  59  5:10  Assimilator  
  59  5:12  Probe  
  61  5:14  Assimilator  
  61  5:17  Stalker  
  61  5:21  Stargate  
  63  5:23  Stargate  
  63  5:24  Probe  
  63  5:27  Protoss Air Weapons Level 1 (Chrono Boost)  
  56  5:38  Phoenix  
  56  5:47  Stalker  
  58  5:51  Phoenix  
  60  5:57  Probe  
  60  6:02  Probe (Chrono Boost)  
  62  6:06  Phoenix  
  62  6:09  Probe (Chrono Boost)  
  66  6:20  Probe x2 (Chrono Boost)  
  66  6:22  Phoenix  
  66  6:25  Probe (Chrono Boost)  
  69  6:26  Probe (Chrono Boost)  
  69  6:29  Photon Cannon  
  69  6:31  Shield Battery  
  71  6:35  Probe, Photon Cannon  
  71  6:38  Probe, Phoenix  
  71  6:39  Phoenix  
  77  6:44  Stalker  
  79  6:48  Probe, Phoenix  
  79  6:50  Probe  
  79  6:52  Nexus  
  83  6:55  Pylon  
  83  6:58  Pylon  
  83  6:59  Pylon  
  83  7:02  Probe, Fleet Beacon  
  83  7:07  Pylon  
  84  7:10  Pylon  
  84  7:11  Probe  
  84  7:13  Phoenix  
  84  7:14  Probe  
  88  7:17  Phoenix  
  88  7:22  Phoenix  
  92  7:24  Probe  
  92  7:25  Phoenix  
  92  7:26  Probe  
  92  7:28  Protoss Air Armor Level 1  
  96  7:36  Photon Cannon  
  96  7:38  Photon Cannon  
  96  7:41  Photon Cannon  
  96  7:43  Probe  
  98  7:46  Photon Cannon  
  97  7:55  Probe  
  98  8:07  Probe  
  99  8:21  Phoenix x2  
  99  8:22  Phoenix  
  105  8:31  Carrier  
  105  8:32  Anion Pulse-Crystals  
  111  8:38  Probe  
  112  8:46  Tempest, Carrier  
  123  8:50  Probe  
  124  8:58  Twilight Council  
  124  9:00  Gateway  
  124  9:02  Probe  
  125  9:03  Zealot  
  125  9:06  Carrier  
  133  9:14  Probe  
  134  9:17  Pylon  
  134  9:19  Pylon  
  134  9:22  Pylon  
  134  9:24  Pylon  
  134  9:28  Mothership  
  134  9:29  Pylon  
  140  9:33  Zealot  
  130  9:57  Carrier x2  
  130  9:58  Phoenix  
  144  10:00  Zealot  
  146  10:08  Probe, Photon Cannon  
  146  10:11  Photon Cannon  
  146  10:12  Shield Battery  
  147  10:16  Pylon  
  147  10:20  Nexus  
  147  10:21  Probe, Pylon  
  148  10:24  Charge  
  148  10:25  Zealot, Pylon  
  148  10:27  Zealot, Pylon  
  152  10:30  Pylon  
  152  10:33  Probe  
  153  10:45  Probe  
  150  10:52  Zealot  
  150  10:54  Zealot  
  152  10:57  Probe  
  167  11:19  Zealot  
  167  11:21  Zealot  
  171  11:35  Gateway  
  171  11:36  Gateway  
Tags
 
Add a new tag
Caveats
  • Supply blocks, unpowered buildings, or Contaminate may cause inaccurate times.
  • Supply counts are checked every 10 seconds.